[Event "Titled Tuesday Blitz February 22 Late 2022"]
[White "Garagulya, Konstantin"]
[Black "Curtis, John"]
[WhiteFideId "4128931"]
[BlackFideId "3200256"]
[WhiteElo "2329"]
[BlackElo "2203"]
[Result "1-0"]
[Round "08"]
[TimeControl "180+1"]
[Date "2022.02.23"]
[WhiteClock "0:00:05"]
[BlackClock "0:00:22"]

1. d4 Nf6 2. Nf3 g6 3. Nc3 d5 4. Bf4 c6 5. e3 Bg7 6. Bd3 O-O 7. e4 dxe4 8. Nxe4 Nxe4 9. Bxe4 c5 10. Be5 Bxe5 11. dxe5 Qb6 12. Qc1 Bg4 13. O-O Bxf3 14. Bxf3 Nc6 15. Re1 Nd4 16. Be4 Rad8 17. c3 Nc6 18. f4 e6 19. Qe3 c4 20. Qxb6 axb6 21. Kf2 Rd2+ 22. Re2 Rfd8 23. Ke3 R2d7 24. g3 b5 25. a4 b4 26. Bxc6 bxc6 27. cxb4 Rd3+ 28. Kf2 Rb3 29. b5 cxb5 30. a5 Ra8 31. a6 Rb4 32. Rd2 Ra4 33. Rxa4 bxa4 34. Rd6 c3 35. bxc3 a3 36. Rd2 a2 37. Rxa2 Kf8 38. Ke3 Ke7 39. Kd4 Kd7 40. a7 Kc6 41. Kc4 Kb7 42. Kb5 h5 43. c4 Kc7 44. Ra6 Kb7 45. c5 Kc7 46. c6 Kc8 47. Kb6 Kd8 48. Kb7 Rc8 49. a8=Q Rxa8 50. Rxa8+ Ke7 51. c7 f6 52. c8=Q fxe5 53. fxe5 g5 54. Qf8+ Kd7 55. Qd6# 1-0


[Site "https://www.chess.com"]

[Event "Titled Tuesday Blitz February 22 Late 2022"]
[White "Gatterer, Florian"]
[Black "Villegas, Pierre"]
[WhiteFideId "811688"]
[BlackFideId "654183"]
[WhiteElo "2218"]
[BlackElo "2410"]
[Result "0-1"]
[Round "08"]
[TimeControl "180+1"]
[Date "2022.02.23"]
[WhiteClock "0:01:11"]
[BlackClock "0:01:10"]

1. c4 e6 2. Nf3 d5 3. e3 Nf6 4. Nc3 a6 5. Be2 dxc4 6. Bxc4 b5 7. Be2 Bb7 8. d4 Nbd7 9. O-O c5 10. b3 Be7 11. Bb2 O-O 12. Rc1 Qb6 13. dxc5 Bxc5 14. Nd4 Rfd8 15. Qc2 Rac8 16. Qb1 Bxd4 17. exd4 Qxd4 18. Rcd1 Qh4 19. g3 Qh3 20. f3 Ng4 21. Rf2 Nxf2 22. Kxf2 Qxh2+ 23. Ke3 Nf6 24. Rh1 Qxg3 25. Ne4 Ng4# 0-1


[Site "https://www.chess.com"]

[Event "Titled Tuesday Blitz February 22 Late 2022"]
[White "Gerbelli Neto, Eduardo"]
[Black "Zhou, Qiyu"]
[WhiteFideId "2103281"]
[BlackFideId "505161"]
[WhiteElo "2178"]
[BlackElo "1925"]
[Result "0-1"]
[Round "08"]
[TimeControl "180+1"]
[Date "2022.02.23"]
[WhiteClock "0:00:23"]
[BlackClock "0:00:36"]

1. e4 e5 2. Nf3 Nc6 3. d4 exd4 4. Bc4 Nf6 5. O-O d6 6. c3 dxc3 7. Qb3 Qd7 8. Ng5 Ne5 9. Bb5 c6 10. f4 cxb5 11. fxe5 dxe5 12. Nxc3 Bc5+ 13. Kh1 O-O 14. Qxb5 Bd4 15. Qxd7 Bxd7 16. Nd5 Nxd5 17. exd5 Bb5 18. Re1 f6 19. Nf3 Bb6 20. Be3 Bxe3 21. Rxe3 Rfd8 22. Rd1 Rd6 23. Rc3 Rad8 24. Rc5 Bc6 25. Kg1 Rxd5 26. Rdc1 Rd1+ 27. Rxd1 Rxd1+ 28. Kf2 Kf7 29. Ra5 a6 30. Ra3 e4 31. Ne1 Rd2+ 32. Ke3 Rxb2 33. h4 Ke6 0-1


[Site "https://www.chess.com"]

[Event "Titled Tuesday Blitz February 22 Late 2022"]
[White "Gimenez Aguirre, Alejo Ismael"]
[Black "Perez Gormaz, Matias"]
[WhiteFideId "32041667"]
[BlackFideId "3406342"]
[WhiteElo "2031"]
[BlackElo "2352"]
[Result "0-1"]
[Round "08"]
[TimeControl "180+1"]
[Date "2022.02.23"]
[WhiteClock "0:00:01"]
[BlackClock "0:00:03"]

1. e4 c5 2. Nf3 d6 3. d4 cxd4 4. Nxd4 Nf6 5. Nc3 a6 6. Bd3 g6 7. O-O Bg7 8. f4 O-O 9. Kh1 Nc6 10. Nxc6 bxc6 11. Be3 e5 12. Qf3 Rb8 13. fxe5 Ng4 14. exd6 Nxe3 15. Qxe3 Qxd6 16. Rab1 a5 17. Na4 Be6 18. b3 Bd4 19. Qg5 Be5 20. h3 Kg7 21. Rbd1 f6 22. Qe3 Qe7 23. Nc5 Bg8 24. Bc4 Rbd8 25. Bxg8 Kxg8 26. a3 Rd6 27. b4 axb4 28. axb4 Rfd8 29. Rxd6 Qxd6 30. Nb7 Qd4 31. Qb3+ Kg7 32. Nxd8 Qxd8 33. Qc4 Qd6 34. b5 cxb5 35. Qxb5 h5 36. Qd3 Qc5 37. Rb1 Kh6 38. Qd2+ g5 39. Qd3 h4 40. c4 Qa7 41. Rd1 Qf2 42. Qf3 Qc5 43. Qe2 Qa7 44. Qf1 Qc5 45. Rd8 Qe3 46. Rh8+ Kg7 47. Ra8 Qxe4 48. Ra7+ Kh6 49. Ra6 Qd4 50. Rc6 Kg7 51. Re6 Kf7 52. Ra6 Kg7 53. Ra5 Qc3 54. Rd5 Qg3 55. Rd7+ Kh6 56. Qg1 Qc3 57. Qb1 f5 58. Rd5 Qg3 59. Qg1 Kh5 60. c5 g4 61. hxg4+ Kxg4 62. Qd1+ Kg5 63. Qd2+ Bf4 0-1


[Site "https://www.chess.com"]

[Event "Titled Tuesday Blitz February 22 Late 2022"]
[White "Goltsev, Dmitry"]
[Black "Tari, Aryan"]
[WhiteFideId "24176710"]
[BlackFideId "1510045"]
[WhiteElo "2273"]
[BlackElo "2567"]
[Result "0-1"]
[Round "08"]
[TimeControl "180+1"]
[Date "2022.02.22"]
[WhiteClock "0:00:14"]
[BlackClock "0:00:20"]

1. e4 e5 2. Nf3 Nc6 3. Bb5 a6 4. Ba4 f5 5. Nc3 fxe4 6. Nxe4 Nf6 7. Nxf6+ Qxf6 8. O-O d5 9. Re1 Bd6 10. d3 O-O 11. Bb3 Be6 12. c3 h6 13. Be3 Ne7 14. Qe2 Ng6 15. Nd2 Rae8 16. c4 c6 17. cxd5 cxd5 18. Rac1 Kh7 19. Qf3 Qe7 20. Qh5 Rf5 21. Qd1 Qf7 22. d4 e4 23. Nf1 Rf8 24. Rc2 Nh4 25. Ng3 Rf3 26. gxf3 Nxf3+ 27. Kg2 Bxg3 28. fxg3 Bh3+ 29. Kh1 Nxe1 30. Rf2 Nf3 31. Bc2 Qh5 32. Bf4 Bg4 33. Qf1 Nxd4 34. Bb3 Bf3+ 35. Kg1 Rxf4 36. gxf4 Qg4+ 37. Rg2 Bxg2 38. Qxg2 Qxg2+ 39. Kxg2 Nxb3 40. axb3 Kg6 41. Kf2 d4 42. Kg3 Kf5 43. b4 b5 44. h4 h5 45. b3 g6 0-1


[Site "https://www.chess.com"]

[Event "Titled Tuesday Blitz February 22 Late 2022"]
[White "Goltseva, Ekaterina"]
[Black "Holt, Conrad"]
[WhiteFideId "24173770"]
[BlackFideId "2034387"]
[WhiteElo "2140"]
[BlackElo "2586"]
[Result "1-0"]
[Round "08"]
[TimeControl "180+1"]
[Date "2022.02.22"]
[WhiteClock "0:00:19"]
[BlackClock "0:00:01"]

1. d4 d5 2. c4 c6 3. cxd5 cxd5 4. Bf4 Nc6 5. e3 Bf5 6. Nc3 e6 7. Qb3 Qd7 8. Nf3 Nge7 9. Nh4 Ng6 10. Nxf5 Nxf4 11. exf4 exf5 12. O-O-O O-O-O 13. Bb5 Kb8 14. Rhe1 g6 15. Re5 Bd6 16. Rxd5 Bxf4+ 17. Kb1 Qc7 18. Rxd8+ Nxd8 19. g3 Bd6 20. Nd5 Qa5 21. Nf6 Ne6 22. Nd7+ Ka8 23. Qd5 Be7 24. Ne5 Rd8 25. Qc4 Nc7 26. Rc1 Rc8 27. Bd7 1-0


[Site "https://www.chess.com"]

[Event "Titled Tuesday Blitz February 22 Late 2022"]
[White "Golubev, Mikhail"]
[Black "Devaev, Alexander"]
[WhiteFideId "14100983"]
[BlackFideId "4169395"]
[WhiteElo "2374"]
[BlackElo "2185"]
[Result "1-0"]
[Round "08"]
[TimeControl "180+1"]
[Date "2022.02.23"]
[WhiteClock "0:00:28"]
[BlackClock "0:00:01"]

1. e4 c6 2. d4 d5 3. e5 Bf5 4. h4 Qb6 5. h5 h6 6. Nf3 e6 7. Be2 c5 8. O-O Bg4 9. dxc5 Bxc5 10. Ne1 Bxe2 11. Qxe2 Ne7 12. Nd3 Nd7 13. Nd2 Nf5 14. Nb3 Nd4 15. Nxd4 Bxd4 16. c3 Bc5 17. Qg4 Bf8 18. a4 Rc8 19. Be3 Qa6 20. Nb4 Qc4 21. Qxc4 Rxc4 22. Nd3 a6 23. Rfc1 Be7 24. b3 Rc7 25. Rc2 O-O 26. Kf1 Rfc8 27. Bd4 f6 28. Re1 Kf7 29. Rce2 Rc6 30. b4 b5 31. axb5 axb5 32. Ra1 fxe5 33. Bxe5 Bf6 34. Ra7 Rd8 35. Bxf6 Kxf6 36. Nf4 Nb6 37. Re3 Na4 38. Rf3 1-0


[Site "https://www.chess.com"]

[Event "Titled Tuesday Blitz February 22 Late 2022"]
[White "Goryachkina, Aleksandra"]
[Black "Mekhitarian, Krikor Sevag"]
[WhiteFideId "4147103"]
[BlackFideId "2107660"]
[WhiteElo "2426"]
[BlackElo "2598"]
[Result "0-1"]
[Round "08"]
[TimeControl "180+1"]
[Date "2022.02.22"]
[WhiteClock "0:00:01"]
[BlackClock "0:00:06"]

1. e4 c5 2. Nf3 g6 3. c3 d5 4. exd5 Qxd5 5. Bb5+ Bd7 6. Bxd7+ Nxd7 7. O-O Bg7 8. d4 cxd4 9. cxd4 Ngf6 10. Nc3 Qd6 11. Re1 O-O 12. Bg5 e6 13. Qb3 Qb6 14. Qa3 Rfe8 15. Rad1 Rac8 16. h3 a6 17. Ne5 h6 18. Be3 Bf8 19. Qa4 Qd8 20. Nxd7 Qxd7 21. Qxd7 Nxd7 22. d5 e5 23. a3 f5 24. f3 Kf7 25. Rc1 Bd6 26. Na4 b5 27. Nb6 Nxb6 28. Bxb6 h5 29. Kf1 Ke7 30. Rc6 Rxc6 31. dxc6 Rc8 32. Rc1 Ke6 33. Ke2 Kd5 34. c7 Ke6 35. Ba5 Kd7 36. Rd1 Kc6 37. g4 hxg4 38. hxg4 Bxc7 39. Bxc7 Rxc7 40. gxf5 gxf5 41. Ke3 Rh7 42. Rc1+ Kd5 43. Rd1+ Ke6 44. Rc1 Rh3 45. Rc6+ Kd5 46. Rxa6 e4 0-1


[Site "https://www.chess.com"]

[Event "Titled Tuesday Blitz February 22 Late 2022"]
[White "Guliyev, Namig"]
[Black "Myers, Dominique"]
[WhiteFideId "13400363"]
[BlackFideId "2041715"]
[WhiteElo "2487"]
[BlackElo "1986"]
[Result "1-0"]
[Round "08"]
[TimeControl "180+1"]
[Date "2022.02.23"]
[WhiteClock "0:00:45"]
[BlackClock "0:00:04"]

1. e4 e5 2. Nc3 Nc6 3. Bc4 Nf6 4. d3 Bc5 5. f4 d6 6. f5 Na5 7. Qf3 Nxc4 8. dxc4 c6 9. Nge2 a6 10. g4 b5 11. g5 Nd7 12. Be3 Qb6 13. Bxc5 Nxc5 14. O-O-O b4 15. Nb1 Qa5 16. Rxd6 Qxa2 17. b3 O-O 18. Rxc6 Qa5 19. Rd1 Bb7 20. Rcd6 Bxe4 21. Qe3 Bxf5 22. R6d5 Rac8 23. Rxe5 Bxc2 24. Rxc5 Qa2 25. Nd2 Bxd1 26. Kxd1 Rxc5 27. Qxc5 Rd8 28. Qxb4 Qb1+ 29. Nc1 Qe4 30. Qc3 Qh1+ 31. Kc2 Qxh2 32. Qe3 Qd6 33. c5 Qg6+ 34. Nd3 h5 35. gxh6 gxh6 36. Nc4 h5 37. Ne5 Qf5 38. Qg3+ Kf8 39. Kc3 Rd5 40. c6 h4 41. Qxh4 Qe6 42. Qc4 Rxe5 43. Nxe5 Qxe5+ 44. Kb4 Qd6+ 45. Ka5 Qc7+ 46. Kxa6 f5 47. b4 f4 48. b5 f3 49. b6 Qe7 50. c7 Qa3+ 51. Kb7 Ke7 52. c8=Q f2 53. Q8c7+ Kf6 54. Q7f7+ Ke5 55. Qfe6# 1-0


[Site "https://www.chess.com"]

[Event "Titled Tuesday Blitz February 22 Late 2022"]
[White "Hess, Robert"]
[Black "Lewtak, Damian"]
[WhiteFideId "2022036"]
[BlackFideId "1141724"]
[WhiteElo "2557"]
[BlackElo "2361"]
[Result "1-0"]
[Round "08"]
[TimeControl "180+1"]
[Date "2022.02.22"]
[WhiteClock "0:00:06"]
[BlackClock "0:00:04"]

1. b3 a5 2. Bb2 a4 3. bxa4 d5 4. e3 c6 5. c4 e6 6. Nf3 Nf6 7. Nc3 Be7 8. cxd5 exd5 9. Bd3 O-O 10. O-O Re8 11. Nd4 Bd6 12. f4 Ne4 13. Nxe4 dxe4 14. Bc4 Qh4 15. Bc3 Na6 16. a5 Nc5 17. Bb4 Bf8 18. Qc2 Qh5 19. a3 Na6 20. Bc3 Nc7 21. Ne2 Be6 22. Ng3 Qh4 23. Qxe4 Bd5 24. Qd3 Rad8 25. Bxd5 Nxd5 26. Qc2 Bc5 27. Be5 Ba7 28. Bxg7 Nxe3 29. dxe3 Bxe3+ 30. Kh1 Rd5 31. Be5 Re6 32. Nf5 Qh5 33. Nxe3 Rh6 34. g3 f6 35. Nxd5 cxd5 36. Bd4 Kf7 37. Bg1 Qg4 38. Qg2 d4 39. Rf2 d3 40. Raf1 Rh5 41. Qf3 Qh3 42. Qxd3 Rf5 43. Qc4+ Kg6 44. Qd3 h5 45. Rg2 Qg4 46. Qf3 Qh3 47. g4 Qxf3 48. gxf5+ 1-0


[Site "https://www.chess.com"]

[Event "Titled Tuesday Blitz February 22 Late 2022"]
[White "Hjartarson, Johann"]
[Black "Golubenko, Valentina"]
[WhiteFideId "2300044"]
[BlackFideId "4501993"]
[WhiteElo "2484"]
[BlackElo "2164"]
[Result "1-0"]
[Round "08"]
[TimeControl "180+1"]
[Date "2022.02.23"]
[WhiteClock "0:00:50"]
[BlackClock "0:00:01"]

1. c4 g6 2. g3 Bg7 3. Bg2 c5 4. Nc3 Nc6 5. a3 e6 6. Rb1 Nge7 7. b4 cxb4 8. axb4 O-O 9. Nf3 d5 10. b5 Na5 11. cxd5 exd5 12. O-O Bf5 13. Rb4 d4 14. Na4 Rc8 15. d3 Nd5 16. Rxd4 Bxd4 17. Nxd4 Nc3 18. Nxc3 Qxd4 19. Nd5 Rfe8 20. Be3 Qe5 21. Qa4 b6 22. Bd4 Qd6 23. Ba1 Re6 24. Qd4 f6 25. Nxf6+ Rxf6 26. Qxf6 Qxf6 27. Bxf6 Rc2 28. Bf3 Be6 29. d4 Kf7 30. Bg5 Nb3 31. d5 Bd7 32. Be3 Bxb5 33. Rb1 Bc4 34. d6 Ke6 35. Bf4 Kd7 36. Bg4+ Be6 37. Bxe6+ Kxe6 38. Rxb3 g5 39. Re3+ Kd7 40. Re7+ Kd8 41. Bxg5 a5 42. Rxh7+ Kc8 43. d7+ Kb7 44. d8=Q+ Ka6 45. Qa8+ Kb5 46. Qd5+ Kb4 47. Qe4+ Rc4 48. Qb1+ Kc5 49. Be3+ Kd5 50. Rh5+ 1-0


[Site "https://www.chess.com"]

[Event "Titled Tuesday Blitz February 22 Late 2022"]
[White "Hoffmann, Asa"]
[Black "Mirzoev, Azer"]
[WhiteFideId "2001470"]
[BlackFideId "13400304"]
[WhiteElo "2117"]
[BlackElo "2525"]
[Result "0-1"]
[Round "08"]
[TimeControl "180+1"]
[Date "2022.02.23"]
[WhiteClock "0:00:02"]
[BlackClock "0:00:12"]

1. d4 Nf6 2. Bg5 e6 3. Nd2 h6 4. Bh4 c5 5. e3 cxd4 6. exd4 Qb6 7. Nc4 Qc7 8. Bg3 d6 9. Nf3 Be7 10. Bd3 O-O 11. O-O Nbd7 12. c3 b5 13. Ne3 Rb8 14. Re1 Re8 15. h3 a6 16. a3 Bb7 17. Rc1 Rbc8 18. a4 Qb8 19. axb5 axb5 20. Qe2 Bc6 21. Nc2 Nd5 22. Nd2 N7f6 23. Ne4 Nxe4 24. Bxe4 Qb7 25. Qf3 Bf8 26. Qd3 Nf6 27. Bxc6 Qxc6 28. Ne3 d5 29. Ng4 Nxg4 30. hxg4 b4 31. Qe3 Qa4 32. g5 hxg5 33. Qxg5 Qb3 34. Qd2 Rc6 35. Qc2 Qxc2 36. Rxc2 Rec8 37. Rec1 f6 38. Bf4 Kf7 39. Kf1 g5 40. Be3 Kg6 41. Ke2 bxc3 42. Rxc3 Rxc3 43. Rxc3 Rb8 44. b3 Kf5 45. f3 g4 46. Kd3 gxf3 47. gxf3 Bb4 48. Rc6 Rh8 49. Rb6 Ba5 50. Ra6 Be1 51. Bd2 Bxd2 52. Kxd2 Rh2+ 53. Ke3 Rb2 54. Rb6 Rc2 55. b4 Rc3+ 56. Ke2 Rb3 57. b5 e5 58. dxe5 Kxe5 59. Rb8 f5 60. b6 Kf4 61. b7 d4 62. Rd8 Rxb7 63. Rxd4+ Kg3 64. Rd8 Re7+ 65. Kf1 f4 66. Rd3 Ra7 67. Ke2 Ra2+ 68. Kd1 Kf2 69. Rc3 Rb2 0-1


[Site "https://www.chess.com"]

[Event "Titled Tuesday Blitz February 22 Late 2022"]
[White "Indjic, Aleksandar"]
[Black "Maksimovic, Bojan"]
[WhiteFideId "911925"]
[BlackFideId "14408120"]
[WhiteElo "2616"]
[BlackElo "2450"]
[Result "1/2-1/2"]
[Round "08"]
[TimeControl "180+1"]
[Date "2022.02.22"]
[WhiteClock "0:00:19"]
[BlackClock "0:00:06"]

1. d4 d5 2. Nf3 Bf5 3. c4 e6 4. Nc3 Nc6 5. a3 Nf6 6. Bg5 Be7 7. Bxf6 Bxf6 8. e3 O-O 9. cxd5 exd5 10. Qb3 Ne7 11. Be2 Rb8 12. Qd1 c6 13. Bd3 Be6 14. O-O Nc8 15. Qc2 g6 16. Ne5 Nd6 17. b4 Rc8 18. a4 a5 19. bxa5 Qxa5 20. Qb2 c5 21. Nb5 Nxb5 22. axb5 Qb6 23. h3 Bxe5 24. dxe5 d4 25. exd4 cxd4 26. Rac1 Rfd8 27. Kh2 h5 28. Qd2 Rc3 29. Rxc3 dxc3 30. Qxc3 Qd4 31. Qxd4 Rxd4 32. Bc2 Rd5 33. Rb1 Rxe5 34. b6 Bd7 35. f3 Bc6 36. Kg3 Kf8 37. h4 Ke7 38. Kf2 Rc5 39. Bd3 Rc3 40. Ke3 Ra3 41. Kd4 Kd6 42. Bc4 Ra4 43. Kc3 f6 44. Re1 Kc5 45. Bf7 Rxh4 46. Bxg6 Rh2 47. Rg1 Kxb6 48. Kd4 h4 49. Ke3 h3 50. gxh3 Rxh3 51. Be4 Bxe4 52. Kxe4 Rh6 53. Rb1+ Kc7 54. Rc1+ Kb8 55. Ra1 Kc7 56. Rc1+ Kd6 57. Rb1 Kc6 58. Rc1+ Kd6 59. Rb1 Kc6 60. Rc1+ Kd6 1/2-1/2


[Site "https://www.chess.com"]

[Event "Titled Tuesday Blitz February 22 Late 2022"]
[White "Iskusnyh, Sergei"]
[Black "Nesterov, Arseniy"]
[WhiteFideId "4120027"]
[BlackFideId "24198455"]
[WhiteElo "2492"]
[BlackElo "2489"]
[Result "0-1"]
[Round "08"]
[TimeControl "180+1"]
[Date "2022.02.22"]
[WhiteClock "0:00:01"]
[BlackClock "0:00:32"]

1. d4 d5 2. c4 e6 3. Nf3 Nf6 4. g3 a6 5. Nbd2 c5 6. cxd5 exd5 7. Bg2 Nc6 8. O-O Be6 9. dxc5 Bxc5 10. Nb3 Ba7 11. Nbd4 O-O 12. b3 Ne4 13. Bb2 Rc8 14. Rc1 Re8 15. Qd3 Bd7 16. Nxc6 Bxc6 17. Bd4 Bb5 18. Rxc8 Qxc8 19. Qd1 Nc3 20. Bxc3 Qxc3 21. Re1 d4 22. Nd2 Qb2 23. a4 Bc6 24. Nc4 Qc3 25. Bxc6 bxc6 26. Kf1 Rb8 27. Nd2 Bc5 28. Ne4 Qb4 29. Nxc5 Qxc5 30. Qd3 Qd5 31. f3 Rxb3 32. Qxa6 g6 33. Rd1 c5 34. a5 Kg7 35. Qc8 Ra3 36. Qc7 Ra2 37. Qb6 Qc4 38. Re1 d3 0-1


[Site "https://www.chess.com"]

[Event "Titled Tuesday Blitz February 22 Late 2022"]
[White "Jaferian, Koosha"]
[Black "Ibarra Jerez, Jose Carlos"]
[WhiteFideId "12507440"]
[BlackFideId "2226332"]
[WhiteElo "2027"]
[BlackElo "2626"]
[Result "0-1"]
[Round "08"]
[TimeControl "180+1"]
[Date "2022.02.22"]
[WhiteClock "0:00:02"]
[BlackClock "0:00:18"]

1. Nf3 d6 2. d4 g6 3. b3 Bg7 4. Bb2 Nd7 5. g3 e5 6. dxe5 dxe5 7. Bg2 Nh6 8. O-O O-O 9. c4 Nf5 10. Nfd2 Re8 11. Nc3 h5 12. Qc2 Nd4 13. Qd1 Nc5 14. Nde4 Nxe4 15. Nxe4 Bg4 16. Nc3 c6 17. h3 Bf5 18. e3 Nc2 19. Qxd8 Raxd8 20. Rad1 Nb4 21. e4 Be6 22. Rfe1 Nd3 23. Re2 Nxb2 24. Rxb2 Rxd1+ 25. Nxd1 Rd8 26. Ne3 Bf8 27. Kf1 Ba3 28. Rc2 a5 29. Ke2 Bb4 30. f4 Bc5 31. f5 Bc8 32. g4 h4 33. Bf3 Kg7 34. Rd2 Rxd2+ 35. Kxd2 Kf6 36. Ng2 Kg5 37. Ke2 b6 38. Kd3 Ba6 39. Be2 Bd4 40. Kc2 Bb7 41. Kd3 gxf5 42. gxf5 f6 43. Bf3 b5 44. Be2 a4 45. bxa4 bxa4 46. Bd1 a3 47. Ba4 c5 48. Bd7 Ba6 49. Be6 Bb7 50. Bd5 Bc8 51. Bc6 Bb2 52. Bd5 Bd7 53. Bb7 Ba4 54. Ke3 Bb3 55. Kf3 Bxa2 0-1


[Site "https://www.chess.com"]

[Event "Titled Tuesday Blitz February 22 Late 2022"]
[White "Janaszak, Dawid"]
[Black "Nasuta, Grzegorz"]
[WhiteFideId "1119206"]
[BlackFideId "1141686"]
[WhiteElo "2555"]
[BlackElo "2701"]
[Result "0-1"]
[Round "08"]
[TimeControl "180+1"]
[Date "2022.02.23"]
[WhiteClock "0:00:06"]
[BlackClock "0:00:36"]

1. e4 c5 2. Nc3 a6 3. Nge2 d6 4. g3 b5 5. Bg2 Bb7 6. d4 Nd7 7. O-O e6 8. Be3 Ngf6 9. dxc5 Nxc5 10. f3 Be7 11. b4 Ncd7 12. a4 bxa4 13. Rxa4 d5 14. exd5 Nxd5 15. Nxd5 Bxd5 16. Qa1 Bc4 17. Re1 O-O 18. Bd4 e5 19. Be3 Nb6 20. Bxb6 Qxb6+ 21. Kh1 Bb5 22. Ra2 Bxb4 23. c3 Bd6 24. Rd2 Rad8 25. Rb1 Qe3 26. Qa2 Bc7 27. Rxd8 Rxd8 28. Ng1 Rd2 29. Qa3 Qf2 0-1


[Site "https://www.chess.com"]

[Event "Titled Tuesday Blitz February 22 Late 2022"]
[White "Jarocka, Liwia"]
[Black "Leitao, Rafael"]
[WhiteFideId "21807558"]
[BlackFideId "2101246"]
[WhiteElo "1896"]
[BlackElo "2609"]
[Result "0-1"]
[Round "08"]
[TimeControl "180+1"]
[Date "2022.02.23"]
[WhiteClock "0:00:32"]
[BlackClock "0:01:10"]

1. e4 e5 2. Bc4 Nf6 3. d3 Nc6 4. Nf3 h6 5. a3 d6 6. Ba2 g6 7. Nc3 Bg7 8. O-O O-O 9. h3 Re8 10. Re1 Be6 11. Nd5 Bxd5 12. exd5 Ne7 13. c4 Nf5 14. Nd2 Nd4 15. Ne4 Nd7 16. Be3 f5 17. Nc3 a5 18. Bxd4 exd4 19. Ne2 Nc5 20. b4 axb4 21. axb4 Na4 22. Bb3 Nc3 23. Nxc3 dxc3 24. Rxa8 Qxa8 25. Re6 Rxe6 26. dxe6 Kf8 27. d4 Qa3 28. b5 Ke7 29. d5 Qb2 30. Qc2 Qa1+ 31. Kh2 Bd4 32. g4 Qf1 33. f4 Qg1# 0-1


[Site "https://www.chess.com"]

[Event "Titled Tuesday Blitz February 22 Late 2022"]
[White "Jobava, Baadur"]
[Black "Gupta, Abhijeet"]
[WhiteFideId "13601520"]
[BlackFideId "5010608"]
[WhiteElo "2617"]
[BlackElo "2549"]
[Result "0-1"]
[Round "08"]
[TimeControl "180+1"]
[Date "2022.02.22"]
[WhiteClock "0:00:40"]
[BlackClock "0:00:28"]

1. e4 c5 2. Nf3 d6 3. Bb5+ Nd7 4. O-O a6 5. Bxd7+ Bxd7 6. c4 Nf6 7. d3 g6 8. b3 Bg7 9. Bb2 O-O 10. Nc3 b5 11. Re1 Nh5 12. Rb1 b4 13. Nd5 e6 14. Bxg7 Kxg7 15. Ne3 Bc6 16. a4 a5 17. Qd2 f5 18. exf5 Bxf3 19. fxe6 Qg5 20. e7 Rfe8 21. h4 Qxh4 22. gxf3 Qg5+ 23. Kf1 Nf4 24. Ng4 h5 25. Re4 Nh3 26. Qb2+ Kf7 27. Rbe1 hxg4 28. Rxg4 Qf6 29. Qd2 g5 30. Ree4 Rxe7 31. Kg2 Rxe4 32. dxe4 Rh8 33. Qd5+ Kg7 34. Kg3 Qe5+ 35. f4 Qc3+ 36. Kg2 Nxf4+ 37. Rxf4 Qh3+ 0-1


[Site "https://www.chess.com"]

[Event "Titled Tuesday Blitz February 22 Late 2022"]
[White "Kamsky, Gata"]
[Black "Rorrer, Grayson"]
[WhiteFideId "2000024"]
[BlackFideId "30944996"]
[WhiteElo "2645"]
[BlackElo "2122"]
[Result "1-0"]
[Round "08"]
[TimeControl "180+1"]
[Date "2022.02.22"]
[WhiteClock "0:01:35"]
[BlackClock "0:00:24"]

1. d4 Nf6 2. Nf3 e6 3. Bf4 c5 4. e3 cxd4 5. exd4 d6 6. c3 Be7 7. h3 O-O 8. Bd3 b6 9. O-O Bb7 10. Re1 Re8 11. Bh2 Nbd7 12. Nbd2 a6 13. a4 Qc7 14. c4 Bc6 15. b4 Qb7 16. d5 Nxd5 17. cxd5 Bxd5 18. Ne4 Bxe4 19. Bxe4 d5 20. Bd3 Bxb4 21. Bxh7+ Kh8 22. Ng5 Bxe1 23. Qh5 Nf6 24. Nxf7+ Qxf7 25. Qxf7 Bxf2+ 26. Kxf2 Kxh7 27. Kg1 e5 28. Rf1 Rf8 29. Qc7 e4 30. Be5 Nh5 31. Rxf8 Rxf8 32. g4 Nf6 33. Bd4 b5 34. a5 b4 35. Qb7 Kg6 36. Qxa6 Rb8 37. Qd6 Rb5 38. a6 b3 39. a7 b2 40. Bxb2 Rxb2 41. a8=Q e3 42. Qe8+ Kh7 43. Qxe3 Rb1+ 44. Kg2 Rb2+ 45. Kf3 1-0


[Site "https://www.chess.com"]

[Event "Titled Tuesday Blitz February 22 Late 2022"]
[White "Karas, Marek"]
[Black "Boros, Denes"]
[WhiteFideId "14928558"]
[BlackFideId "722340"]
[WhiteElo "2270"]
[BlackElo "2464"]
[Result "0-1"]
[Round "08"]
[TimeControl "180+1"]
[Date "2022.02.22"]
[WhiteClock "0:00:04"]
[BlackClock "0:00:10"]

1. d4 Nf6 2. Nf3 c5 3. d5 e6 4. Nc3 d6 5. e4 exd5 6. exd5 Be7 7. Bb5+ Bd7 8. Bxd7+ Nbxd7 9. O-O O-O 10. h3 Re8 11. Bf4 Qb6 12. Rb1 Qb4 13. Bh2 a6 14. a3 Qc4 15. Nd2 Qh4 16. Re1 Bf8 17. Qf3 b5 18. Nce4 Nxe4 19. Rxe4 Rxe4 20. Qxe4 Qh5 21. Nf3 Nf6 22. Qd3 Qxd5 23. Qxd5 Nxd5 24. Rd1 Nb6 25. b3 a5 26. Rd2 a4 27. Bxd6 b4 28. Bxf8 axb3 29. cxb3 Kxf8 30. axb4 cxb4 31. Rd4 Ra1+ 32. Kh2 Ra2 33. Kg3 g6 34. Rxb4 Nd5 35. Rb7 Ne7 36. Ne5 Re2 37. f4 h5 38. Kf3 Re1 39. g4 h4 40. Rb8+ Kg7 41. Rb7 Kf6 42. Nd7+ Ke6 43. Nc5+ Kd5 44. Nd3 Re6 45. Rd7+ Kc6 46. Rd8 Kc7 47. Rd4 Nc6 48. Rc4 Kb6 49. Nc5 Rd6 50. Rc3 Nb4 51. Ne4 Rd1 52. Ng5 f6 53. Nh7 Nd5 54. Rc4 f5 55. gxf5 gxf5 56. Ng5 Rd3+ 57. Kg2 Ne3+ 58. Kf2 Nxc4 59. bxc4 Kc5 60. Nf3 Kxc4 61. Nxh4 Rd5 62. Kg3 Kd4 63. Ng6 Ke4 64. Kh4 Rd3 65. Kg5 Rxh3 66. Ne7 Rg3+ 67. Kf6 Rf3 68. Kg5 Rxf4 69. Nc8 Rg4+ 70. Kh5 Kf3 71. Ne7 f4 72. Nc6 Rg1 73. Ne5+ Ke3 0-1


[Site "https://www.chess.com"]

[Event "Titled Tuesday Blitz February 22 Late 2022"]
[White "Karttunen, Mika"]
[Black "Pakleza, Zbigniew"]
[WhiteFideId "502081"]
[BlackFideId "1119290"]
[WhiteElo "2343"]
[BlackElo "2467"]
[Result "1/2-1/2"]
[Round "08"]
[TimeControl "180+1"]
[Date "2022.02.22"]
[WhiteClock "0:00:03"]
[BlackClock "0:00:04"]

1. d4 c5 2. d5 e6 3. c4 exd5 4. cxd5 d6 5. Nc3 g6 6. e4 Bg7 7. f3 Ne7 8. Nge2 O-O 9. Ng3 f5 10. exf5 Nxf5 11. Nge4 Nd7 12. Be2 a6 13. a4 Bd4 14. Bg5 Qb6 15. Qd2 Ne5 16. g4 Ng7 17. Nf6+ Kh8 18. f4 Nf7 19. h4 h6 20. Qc2 Nf5 21. gxf5 Bxf5 22. Bd3 Bxd3 23. Qxd3 Qxb2 24. Nd1 Rae8+ 25. Nxe8 Rxe8+ 26. Kf1 Qxa1 27. h5 Nxg5 28. hxg6 Ne4 29. Kg2 Kg7 30. Qh3 Rh8 31. Qd7+ Kxg6 32. f5+ Kg5 33. Qe7+ Bf6 34. Qxe4 Qa2+ 35. Nf2 Bd4 36. Rh5+ Kf6 37. Qe6+ Kg7 38. Qe7+ Kg8 39. Qe8+ Kg7 40. Qe7+ Kg8 41. Qe8+ Kg7 42. Qe7+ 1/2-1/2


[Site "https://www.chess.com"]

[Event "Titled Tuesday Blitz February 22 Late 2022"]
[White "Kim, Sergey"]
[Black "Petrovic, Aleksa"]
[WhiteFideId "13700570"]
[BlackFideId "967629"]
[WhiteElo "2620"]
[BlackElo "2139"]
[Result "1-0"]
[Round "08"]
[TimeControl "180+1"]
[Date "2022.02.23"]
[WhiteClock "0:00:12"]
[BlackClock "0:00:01"]

1. d4 g6 2. c4 Nf6 3. Nc3 Bg7 4. e4 d6 5. Nge2 O-O 6. Ng3 a6 7. a4 a5 8. Be2 Nc6 9. d5 Nb4 10. O-O h5 11. Ra3 Bg4 12. f3 Bc8 13. Bg5 Nd7 14. Qd2 c6 15. Kh1 Ne5 16. f4 Ng4 17. h3 f6 18. Bh4 Nh6 19. Nd1 e5 20. dxe6 Bxe6 21. f5 gxf5 22. exf5 Bf7 23. Bxh5 Bxc4 24. Re1 Bf7 25. Bg6 Re8 26. Rae3 Qd7 27. Bxf7+ Kxf7 28. Re6 Nxf5 29. Rxe8 Rxe8 30. Rf1 Nxg3+ 31. Bxg3 Nd5 32. Qd3 Qe6 33. Qf3 Qe4 34. Qh5+ Qg6 35. Qf3 Kg8 36. Bxd6 Re4 37. Bg3 Rxa4 38. Nc3 Nxc3 39. bxc3 Re4 40. Rd1 Re8 41. Rd7 a4 42. Rxb7 a3 43. Ra7 Bf8 44. Kh2 Re7 45. Ra8 Rg7 46. Bd6 Rf7 47. Qxc6 Kh7 48. Bxf8 a2 49. Bb4 Rg7 50. Qf3 a1=Q 51. Rxa1 Qg5 52. Rf1 Qe5+ 53. Qf4 Qe2 54. Qf5+ Kh8 55. Qf3 Kh7 56. Qxe2 1-0


[Site "https://www.chess.com"]